Map: Eastwatch LE

Players

ArriS

  • Race: Terran Terran
  • League: Master
  • Spawn Location: 1:00

FLORENCIO - Winner!

  • Race: Protoss Protoss
  • League: Master
  • Spawn Location: 7:00

VOD

Have the link to the VOD?

Description

Time

  • Played on: Feb. 7, 2018, 8:29 p.m.
  • Length: 17:00
Show
View Real Time Build Order
Export as new Build Order

ArriS Terran 

Build Orders: Mech 

Get SALT Encoding   

  12  0:01  SCV  
  13  0:13  SCV  
  14  0:19  Supply Depot  
  14  0:25  SCV  
  15  0:32  Refinery  
  15  0:48  Barracks  
  15  1:03  Barracks  
  15  1:08  SCV  
  16  1:20  SCV  
  16  1:24  Supply Depot  
  17  1:32  SCV  
  18  1:38  Barracks Tech Lab  
  18  1:43  Refinery  
  18  1:47  SCV  
  19  1:55  Engineering Bay  
  19  2:01  Marauder  
  21  2:15  SCV  
  22  2:22  Marauder  
  24  2:44  Barracks Tech Lab  
  24  2:52  Factory  
  24  2:56  Engineering Bay  
  24  2:57  SCV  
  25  3:04  Concussive Shells, Marauder  
  27  3:09  SCV  
  24  3:23  Planetary Fortress  
  21  3:45  Marauder  
  22  4:11  Barracks Tech Lab  
  22  4:20  Factory  
  22  4:22  Supply Depot  
  22  4:23  Supply Depot  
  20  4:43  SCV  
  23  4:51  Hi-Sec Auto Tracking  
  22  5:03  Factory Reactor  
  22  5:06  Factory  
  21  5:07  Missile Turret  
  21  5:09  Supply Depot  
  21  5:11  Supply Depot  
  21  5:29  SCV  
  22  5:39  Cyclone  
  22  5:40  Cyclone  
  28  5:45  SCV  
  29  5:52  Factory Tech Lab  
  29  5:57  SCV  
  29  5:59  Starport  
  29  6:10  SCV  
  25  6:28  Siege Tank  
  25  6:30  Hellion x2  
  32  6:38  Starport Tech Lab  
  32  6:42  SCV  
  33  6:56  SCV  
  34  7:08  Raven  
  34  7:09  SCV  
  34  7:10  Hellion  
  39  7:23  Supply Depot  
  39  7:43  Barracks  
  39  7:45  Hellion  
  40  7:51  Supply Depot  
  40  7:55  Viking  
  42  8:08  Widow Mine x2  
  46  8:15  Missile Turret  
  46  8:22  SCV  
  47  8:33  Raven  
  49  8:34  SCV  
  50  8:46  Missile Turret  
  50  8:52  Siege Tank  
  53  9:02  Widow Mine  
  55  9:17  Supply Depot  
  55  9:18  Supply Depot  
  54  9:38  Viking  
  54  9:40  Missile Turret  
  56  9:55  Missile Turret  
  56  10:02  Missile Turret  
  54  10:29  SCV  
  54  10:41  SCV  
  51  10:53  SCV  
  52  11:03  Engineering Bay  
  50  11:05  SCV  
  47  11:17  SCV  
  47  11:29  SCV  
  46  11:37  Neosteel Armor  
  44  11:41  SCV  
  44  11:53  SCV  
  45  12:06  SCV  
  46  12:18  SCV  
  47  12:33  Supply Depot  
  47  13:03  Factory  
  35  13:38  SCV  
  35  13:41  Supply Depot  
  30  13:50  SCV  
  28  14:01  Refinery  
  28  14:02  SCV  
  22  14:14  SCV  
  22  14:19  Starport  
  22  14:23  Missile Turret x2  
  22  14:25  Missile Turret  
Show
View Real Time Build Order
Export as new Build Order

FLORENCIO Protoss - Winner!

Build Orders:  

Get SALT Encoding   

  12  0:00  Probe  
  13  0:19  Probe (Chrono Boost)  
  13  0:20  Pylon  
  14  0:31  Probe (Chrono Boost)  
  15  0:38  Probe (Chrono Boost)  
  16  0:44  Gateway  
  16  0:45  Probe  
  17  0:57  Probe  
  18  1:05  Assimilator  
  18  1:09  Probe, Assimilator  
  19  1:21  Probe  
  20  1:27  Pylon  
  20  1:29  Zealot (Chrono Boost)  
  22  1:46  Nexus  
  22  1:53  Probe  
  23  2:05  Cybernetics Core  
  23  2:33  Pylon  
  23  2:39  Pylon  
  23  2:41  Probe  
  23  2:48  Pylon  
  23  2:51  Zealot  
  25  3:18  Stalker  
  26  3:59  Probe  
  27  4:44  Probe  
  28  4:54  Stalker  
  30  5:07  Stargate  
  30  5:18  Pylon  
  30  5:21  Probe  
  31  5:24  Stalker  
  33  5:33  Probe  
  34  5:55  Fleet Beacon  
  34  6:23  Void Ray (Chrono Boost)  
  34  6:24  Stalker  
  42  6:40  Mothership (Chrono Boost)  
  42  6:41  Shield Battery  
  42  6:55  Stalker  
  44  7:29  Nexus  
  44  7:43  Pylon  
  44  7:46  Pylon  
  44  7:51  Void Ray  
  44  7:56  Stargate  
  44  7:59  Pylon  
  48  8:32  Void Ray (Chrono Boost)  
  48  8:37  Void Ray (Chrono Boost)  
  56  9:02  Stargate  
  56  9:05  Cybernetics Core  
  56  9:24  Assimilator  
  56  9:25  Assimilator  
  54  9:51  Void Ray  
  48  11:35  Pylon  
  48  11:36  Pylon  
  48  11:42  Pylon  
  48  11:43  Pylon  
  48  12:00  Void Ray (Chrono Boost)  
  48  12:06  Gateway  
  48  12:08  Gateway  
  52  12:15  Gateway  
  52  12:21  Warp Gate  
  52  12:59  Stalker  
  54  13:13  Stalker, Void Ray  
  30  13:29  Stalker  
  23  13:41  Probe  
  23  13:43  Stalker  
  25  13:53  Probe  
  26  13:56  Void Ray  
  30  14:05  Probe  
  27  14:17  Probe  
  28  14:27  Stalker x2  
  28  14:29  Probe  
  33  14:39  Void Ray  
  33  14:41  Probe  
  38  14:54  Probe  
  38  14:57  Stalker  
  41  15:06  Probe  
Tags
 
Composition
Mech
Matchup
PvT
Spawn Locations
Cross Positions
Add a new tag
Caveats
  • Supply blocks, unpowered buildings, or Contaminate may cause inaccurate times.
  • Supply counts are checked every 10 seconds.